AoeStats
← Imperator-Stitch

Arena

510102391Analyzed
1v1 RM · 3d ago on Sep 29, 2026· 23m 43s· 2 players
Game mode
Random Map
Map size
Tiny (2 player)
Population
200
Speed
Normal
Resources
Standard
Victory
Conquest
Starting age
Dark Age
Ending age
Imperial Age
RankedLock teamsTeams togetherTeam positionsShared explorationLock speedFull tech treeHidden civsTurbo modeCheats
Victory
Defeat
🇨🇳 Persians · China
580
+18
🇩🇪 Bohemians · Germany
628
-18
休闲海
9:37 Loom
11:22 Feudal Age
13:25 Double-Bit Axe
17:19 Horse Collar
20:40 Castle Age
19:17 Gold Mining
20:46 Fletching
22:03 Bodkin Arrow
Imperator-Stitch
9:27 Loom
12:31 Feudal Age
13:13 Double-Bit Axe
13:28 Horse Collar
18:00 Wheelbarrow
21:06 Castle Age
21:50 Fletching
22:03 Padded Archer Armor
Connection lost

Rejoining the realm…

Still unreachable

The connection could not be restored.

Session expired

The server has moved on; the page needs a fresh start.